Map: Frozen Temple

Players

Zerghamdi - Winner!

  • Race: Zerg Zerg
  • League: Master

Rakan

  • Race: Terran Terran
  • League: Diamond

VOD

https://www.youtube.com/channel/UCcSgNfDNxvyisU-eCj9xyNg/playlists

Description

Time

  • Played on: Aug. 27, 2016, 5:10 a.m.
  • Length: 10:20
Show
View Real Time Build Order
Export as new Build Order

Zerghamdi Zerg - Winner!

Build Orders: Hatch First 

Get SALT Encoding   

  12  0:01  Drone  
  13  0:12  Overlord  
  13  0:19  Drone  
  14  0:31  Drone x2  
  16  0:36  Drone  
  17  0:54  Hatchery  
  17  0:57  Drone  
  17  1:01  Drone  
  18  1:11  Extractor  
  17  1:17  Spawning Pool  
  16  1:20  Drone  
  16  1:23  Drone  
  18  1:28  Drone  
  19  1:39  Drone  
  20  1:52  Overlord  
  20  2:02  Drone  
  20  2:06  Drone  
  20  2:07  Queen, Extractor  
  23  2:09  Queen  
  23  2:14  Zergling x2  
  26  2:17  Zergling x2  
  26  2:21  Metabolic Boost  
  27  2:27  Extractor  
  27  2:30  Drone x2  
  29  2:38  Drone  
  29  2:39  Drone  
  31  2:49  Queen  
  31  2:51  Overlord  
  33  2:54  Drone x2  
  35  3:01  Drone  
  35  3:05  Overlord  
  34  3:18  Drone x3  
  34  3:19  Drone x2  
  39  3:20  Zergling x4  
  41  3:29  Hatchery  
  41  3:32  Zergling x2  
  41  3:33  Zergling x2  
  42  3:36  Zergling x2  
  43  3:42  Zergling x2  
  43  3:44  Queen  
  46  3:51  Roach Warren  
  46  3:52  Zergling x4  
  46  3:55  Drone  
  48  3:56  Drone  
  48  3:59  Overlord  
  49  4:13  Drone x3  
  49  4:14  Overlord x2  
  51  4:26  Drone x2  
  51  4:27  Extractor  
  51  4:36  Drone x2  
  53  4:43  Queen  
  53  4:44  Drone x2  
  57  4:47  Evolution Chamber  
  57  4:48  Evolution Chamber  
  52  4:59  Roach x5, Extractor  
  59  5:04  Drone x3  
  62  5:11  Overlord  
  62  5:12  Overlord  
  62  5:14  Lair  
  62  5:19  Zergling x12  
  68  5:29  Overlord x2  
  68  5:33  Drone x6  
  74  5:36  Drone  
  75  5:43  Roach  
  75  5:45  Roach  
  75  5:48  Zerg Missile Weapons Level 1  
  79  5:55  Drone x3  
  79  5:56  Drone  
  83  6:01  Roach x3  
  83  6:02  Roach x2  
  88  6:07  Drone x3  
  91  6:12  Drone  
  91  6:13  Spore Crawler, Drone  
  92  6:24  Drone x3  
  95  6:26  Extractor  
  95  6:27  Glial Reconstitution, Extractor  
  95  6:30  Zerg Ground Armor Level 1  
  95  6:31  Roach x2  
  97  6:35  Overlord  
  97  6:36  Overlord x2  
  97  6:37  Roach  
  97  6:39  Zergling x4  
  101  6:40  Zergling x2  
  101  6:45  Roach x2  
  105  6:48  Spore Crawler  
  103  7:04  Roach x5  
  95  7:18  Roach x3  
  95  7:19  Roach x4  
  105  7:28  Drone x4  
  105  7:29  Drone  
  110  7:31  Extractor  
  110  7:32  Queen  
  110  7:35  Roach x2  
  115  7:40  Drone  
  115  7:41  Drone  
  117  7:45  Spore Crawler  
  117  7:46  Spore Crawler  
  117  7:47  Drone  
  117  7:51  Drone x2  
  117  7:56  Drone  
  117  8:12  Overlord x2  
  117  8:13  Roach x4, Infestation Pit  
  117  8:14  Roach x3  
  130  8:22  Zerg Melee Weapons Level 1  
  130  8:23  Overlord  
  130  8:24  Overlord x2  
  130  8:27  Hatchery  
  129  8:34  Overlord  
  129  8:35  Zergling x4  
  129  8:36  Zergling x8  
  129  8:39  Ravager x7  
  142  8:42  Drone x2  
  142  8:45  Spine Crawler  
  143  8:53  Hive  
  143  8:56  Infestor x2  
  143  9:00  Roach x2, Zergling x2  
  152  9:06  Overlord x2  
  150  9:10  Drone x4  
  160  9:23  Zergling x8  
  160  9:24  Zergling x2  
  159  9:27  Overseer, Overlord  
  159  9:28  Overlord x2  
  159  9:29  Zergling x6  
  162  9:37  Zergling x10  
  167  9:41  Ravager x4  
  167  9:42  Ravager  
  167  9:45  Extractor  
  167  9:48  Zergling x6  
  167  9:52  Zergling x2  
  169  9:54  Zergling x2  
Show
View Real Time Build Order
Export as new Build Order

Rakan Terran 

Build Orders: Reaper Expand, MMM Bio 

Get SALT Encoding   

  12  0:00  SCV  
  13  0:13  SCV  
  14  0:17  Supply Depot  
  14  0:25  SCV  
  15  0:39  SCV  
  15  0:40  Barracks  
  16  0:44  Refinery  
  16  0:51  SCV  
  17  1:03  SCV  
  18  1:15  SCV  
  19  1:28  Reaper  
  19  1:29  Orbital Command  
  20  1:46  Command Center  
  20  1:55  SCV  
  20  2:00  Barracks  
  20  2:08  Barracks Reactor  
  20  2:11  SCV  
  21  2:17  Refinery, Supply Depot  
  21  2:24  Factory  
  21  2:31  SCV  
  22  2:43  SCV  
  23  2:46  Marine x2  
  23  2:47  Barracks Tech Lab  
  25  2:55  SCV  
  26  3:04  Marine  
  27  3:08  Orbital Command  
  27  3:11  SCV  
  28  3:13  Stimpack, Marine  
  28  3:17  Orbital Command  
  29  3:23  SCV  
  29  3:26  Marine x2  
  32  3:31  Marine  
  33  3:35  SCV, Starport  
  33  3:43  Factory Reactor  
  33  3:44  SCV  
  33  3:47  SCV  
  35  3:50  Marine x2  
  35  3:52  Marine  
  38  3:56  SCV  
  38  4:00  SCV  
  40  4:08  SCV, Marine x2  
  43  4:12  SCV  
  39  4:21  SCV  
  39  4:23  Marine  
  35  4:24  SCV  
  35  4:31  Marine x2  
  38  4:33  SCV  
  38  4:37  SCV  
  40  4:45  SCV  
  39  4:49  SCV  
  39  4:52  Marine  
  39  4:57  SCV  
  40  5:01  SCV  
  41  5:07  Medivac  
  41  5:09  SCV  
  41  5:13  SCV, Marine  
  46  5:18  Supply Depot  
  46  5:29  Supply Depot  
  46  5:39  Marine x3  
  46  5:40  Medivac, SCV x2  
  46  5:42  Supply Depot  
  53  5:50  Combat Shields  
  53  5:51  Medivac  
  53  5:52  SCV x2  
  57  5:57  Engineering Bay, Marine  
  58  6:04  SCV, Marine  
  58  6:09  Barracks  
  60  6:16  SCV  
  61  6:19  Supply Depot  
  61  6:24  Medivac x2  
  65  6:28  SCV  
  65  6:31  Command Center, SCV  
  67  6:32  Marine  
  68  6:40  SCV  
  68  6:43  SCV  
  68  6:44  Engineering Bay  
  70  6:52  SCV  
  69  6:57  SCV  
  70  7:04  SCV  
  70  7:06  Marine x3  
  70  7:09  SCV  
  70  7:12  Barracks Tech Lab  
  70  7:13  Liberator  
  70  7:14  Barracks  
  70  7:15  Barracks  
  71  7:17  SCV  
  71  7:21  SCV  
  68  7:24  Marine x2, Marauder  
  68  7:29  Concussive Shells, SCV  
  73  7:33  Terran Infantry Armor Level 1  
  73  7:34  SCV  
  77  7:38  Refinery  
  77  7:41  SCV  
  77  7:43  Marine x3  
  81  7:46  SCV, Supply Depot, Marauder  
  81  7:47  Orbital Command, Supply Depot  
  84  7:53  SCV  
  84  7:58  SCV  
  85  8:00  Marine  
  85  8:01  Marine  
  85  8:05  SCV  
  87  8:07  Marauder  
  87  8:08  Orbital Command  
  87  8:10  SCV  
  87  8:11  Marine  
  87  8:12  Barracks Tech Lab  
  91  8:13  Marine  
  91  8:17  SCV  
  91  8:18  Marine  
  94  8:22  SCV  
  95  8:28  Marine  
  95  8:29  SCV, Marauder, Marine  
  95  8:31  Marauder  
  95  8:33  SCV  
  103  8:34  SCV  
  103  8:38  Refinery  
  103  8:39  Refinery  
  104  8:41  SCV  
  104  8:43  Refinery, Supply Depot  
  104  8:46  SCV x2  
  107  8:49  Marine x2  
  107  8:50  Armory  
  107  8:51  Barracks Reactor  
  109  8:59  SCV  
  109  9:04  SCV, Marine  
  109  9:05  SCV, Marauder x2  
  109  9:06  Marine x2  
  117  9:14  SCV  
  117  9:20  Supply Depot  
  117  9:23  SCV  
  117  9:25  SCV, Marine x2, Marauder  
  117  9:26  Marauder x2  
  125  9:31  Supply Depot  
  125  9:40  SCV, Supply Depot  
  125  9:41  Marine x2  
  125  9:42  SCV x2  
  127  9:47  Marauder  
  127  9:48  Marauder x2  
  133  9:53  SCV  
  133  9:54  SCV x2  
  133  9:58  Marine x2  
  133  9:59  Marine x2  
  140  10:05  SCV  
  140  10:06  SCV x2  
Tags
 
Add a new tag
Caveats
  • Supply blocks, unpowered buildings, or Contaminate may cause inaccurate times.
  • Supply counts are checked every 10 seconds.